 Dungeon Crawl Stone Soup version 0.29.1 (webtiles) character file.

Game seed: 4598299204960511293

2 sleeves the Sneak (level 1, -1/19 HPs)
             Began as a Ghoul Delver on Sept 12, 2022.
             Slain by an orc
             ... wielding a +0 flail
              (9 damage)
             ... on level 6 of the Dungeon.
             The game lasted 00:04:10 (370 turns).

sleeves the Sneak (Ghoul Delver)                     Turns: 370, Time: 00:04:11

Health: -1/19      AC:  3    Str: 15    XL:     1   Next: 30%
Magic:  0/0        EV: 11    Int:  5    God:
Gold:   61         SH:  0    Dex: 10    Spells: 0/0 levels left

rFire   . . .      SeeInvis .     - Unarmed
rCold   + . .      Faith    .   (no shield)
rNeg    + + +      Spirit   .   a - +0 leather armour
rPois   ∞          Reflect  .   (no helmet)
rElec   .          Harm     .   (no cloak)
rCorr   .          Rampage  .   (no gloves)
Will    .....                   (no boots)
Stlth   +++.......              (no amulet)
HPRegen 0.00/turn               (no ring)
MPRegen 0.07/turn               (no ring)

@: inhibited regen
A: claws 1, cold resistance 1, negative energy resistance 3, inhibited
regeneration, torment resistance 2, devour on kill
a: no special abilities


You were on level 6 of the Dungeon.
You visited 2 branches of the dungeon, and saw 3 of its levels.

You collected 61 gold pieces.

Inventory:

Armour
 a - a +0 leather armour (worn)
Wands
 f - a wand of digging (3)
 h - a wand of roots (4)
   (You found it on level 6 of the Dungeon)
Scrolls
 b - a scroll of fog
 c - a scroll of magic mapping
 d - a scroll of fear
 g - a scroll of identify {unknown}
Potions
 e - a potion of haste


   Skills:
 - Level 3.2 Fighting
 - Level 1.7 Dodging
 - Level 5.4 Stealth
 + Level 2.4 Unarmed Combat


You couldn't memorise any spells.
You didn't know any spells.
Your spell library was empty.

Dungeon Overview and Level Annotations

Branches:
Dungeon (6/15)             Temple (1/1) D:6

Altars:
Dithmenos
Fedhas
Kikubaaqudgha
Qazlal
Sif Muna
Uskayaw
Vehumet
Xom
Yredelemnul


Innate Abilities, Weirdness & Mutations

You are immune to poison.
You have sharp fingernails.
Your flesh is cold resistant. (rC+)
You are immune to negative energy. (rN+++)
You do not regenerate when monsters are visible.
You are immune to unholy pain and torment.
You thrive by killing the living.


Message History

Welcome, sleeves the Ghoul Delver.
Are you destined to find the incredible Orb of Zot, or to die trying?
Press ? for a list of commands and other information.
Found 6 gold pieces.
Found a stone staircase leading down.
You now have 6 gold pieces.
Found 9 gold pieces.
The howler monkey howls!
The howler monkey hoots and howls with incredible vigour!
You hear a shout! x8
There is a stone staircase leading down here.
You climb downwards.
There is a stone staircase leading up here.
You open the door.
Found 10 gold pieces.
There is an open door here.
Found a dagger.
You now have 16 gold pieces (gained 10).
You open the door.
There is an open door here.
Found a scroll labelled TALYAJACEI.
g - a scroll labelled TALYAJACEI You open the door.
Found a staircase to the Ecumenical Temple.
There is an open door here.
There is a staircase to the Ecumenical Temple here.
You climb downwards.
Welcome to the Ecumenical Temple!
Found four altars.
There is a staircase back to the Dungeon here.
Found a radiant altar of Vehumet and an ancient bone altar of Kikubaaqudgha.
Found a stormy altar of Qazlal and a basalt altar of Yredelemnul.
Found a hide-covered altar of Uskayaw.
There is a fountain of clear blue water here.
There is a shimmering blue altar of Sif Muna here.
There is a shadowy altar of Dithmenos here.
There is a fountain of clear blue water here.
There is a staircase back to the Dungeon here.
You can't go down here!
You climb upwards.
There is a staircase to the Ecumenical Temple here.
There is an open door here.
Found 9 gold pieces.
You now have 25 gold pieces (gained 9).
Found 12 gold pieces.
You now have 37 gold pieces (gained 12).
A necrophage comes into view.
Found 10 gold pieces.
You now have 47 gold pieces (gained 10).
Found 14 gold pieces.
You now have 61 gold pieces (gained 14).
Found 3 stones.
Found 3 stones.
There is a stone staircase leading up here.
There is an open door here.
You see here a +0 dagger.
There is an open door here.
You open the large door.
An ice beast and a scorpion come into view.
Found 5 stones.
You close the large door.
You open the door.
There is an open door here.
You open the door.
Found a long glass wand.
There is an open door here.
h - a wand of roots (4)
You open the door. 5 orcs come into view.
The orc shouts! x4
The orc hits you but does no damage.
There is an open door here.
You closely miss the orc. The orc hits you with a +0 dagger.
You barely miss the orc. The orc barely misses you.
You scratch the orc.
The orc is heavily wounded.
You open the door.
There is an open door here.
You close the door.
You start resting.
An orc opens the door.
It is wielding a +0 hand axe.
You scratch the orc but do no damage. The orc barely misses you.
You closely miss the orc. The orc hits you but does no damage.
You barely miss the orc. The orc barely misses you.
You barely miss the orc. The orc closely misses you.
You scratch the orc.
The orc is heavily wounded.
The orc hits you but does no damage.
You scratch the orc.
The orc is almost dead.
The orc misses you.
You scratch the orc but do no damage.
The orc is almost dead.
The orc completely misses you.
You scratch the orc.
You kill the orc!
You barely miss the orc. You scratch the orc but do no damage.
The orc closely misses you.
You scratch the orc.
The orc is lightly wounded.
The orc closely misses you.
You scratch the orc but do no damage.
The orc is lightly wounded.
The orc barely misses you.
You scratch the orc.
The orc is heavily wounded.
The orc hits you with a +0 flail.
You scratch the orc but do no damage.
The orc is heavily wounded.
The orc hits you with a +0 flail.
* * * LOW HITPOINT WARNING * * *
You scratch the orc but do no damage.
The orc is heavily wounded.
The orc hits you with a +0 flail!
You die...

#n #P ## #.# #P .. #.#
## ###.##.### #
.........# ###
###......########.##
...................#
....##.##########.##
### #@# #.# #o# #.#
##o## ####.#####
##oo.######........#
#.....##.....#.###.#
#.###'###+###'#####.#
...#o.#.......#..#...#
....
#oo#.......#..#....
###
+..+###+###+..+...#


You could see 4 orcs.

Vanquished Creatures
  An orc (D:6)
1 creature vanquished.

Vanquished Creatures (others)
  19 plants (D:6)
19 creatures vanquished.

Grand Total: 20 creatures vanquished

Notes
Turn   | Place    | Note
-------+----------+-------------------------------------------
     0 | D:5      | sleeves the Ghoul Delver began the quest for the Orb.
     0 | D:5      | Reached XP level 1. HP: 19/19 MP: 0/0
     7 | D:5      | Noticed a howler monkey
    46 | D:6      | Found a staircase to the Ecumenical Temple.
    52 | Temple   | Entered the Ecumenical Temple
   139 | D:6      | Noticed a necrophage
   273 | D:6      | Noticed an ice beast
   273 | D:6      | Noticed a scorpion
   369 | D:6      | HP: 8/19 [orc/+0 flail (6)]
   370 | D:6      | Slain by an orc

Illustrated notes

Levels and vault maps discovered:
D:5:      layout_gridville, mainiacjoe_overflow_swirl, mrwooster_statue_mirror,
          dk_noncrumbling_3, hangedman_decor_diamond_cutter, uniq_blork_the_orc,
          uniq_pikel
D:6:      layout_loops_corners, mainiacjoe_overflow_24_doors,
          minmay_temple_entry_enclosed_plants, serial_bayou,
          serial_bayou_pond_a, serial_bayou_lagoon_a, serial_bayou_lake_a,
          kennysheep_opposing_triangles
Temple:   hellmonk_temple_rainy

Action                   || total
-------------------------++-------
Melee: Unarmed           ||    18
Armor: Leather armour    ||     3
Dodge: Dodged            ||     9
